 Dungeon Crawl Stone Soup version 0.28-a0-1235-g7c8fac35f0 (webtiles) character file.

Game seed: 10543002777957311956

226 r3xj the Covered (level 5, -6/48 HPs)
             Began as a Minotaur Fighter on Dec 24, 2021.
             Mangled by Duvessa (13 damage)
             ... on level 4 of the Dungeon.
             The game lasted 00:03:45 (2763 turns).

r3xj the Covered (Minotaur Fighter)                 Turns: 2763, Time: 00:03:45

Health: -6/48      AC:  7    Str: 23    XL:     5   Next: 69%
Magic:  4/4        EV:  9    Int:  5    God:
Gold:   126        SH:  4    Dex:  9    Spells: 4/4 levels left

rFire   . . .      SeeInvis .   a - +0 flail
rCold   . . .      Faith    .   c - +0 buckler
rNeg    . . .      Spirit   .   b - +0 scale mail
rPois   .          Reflect  .   (helmet restricted)
rElec   .          Harm     .   (no cloak)
rCorr   .          Rampage  .   (no gloves)
Will    +....                   (no boots)
Stlth   ..........              e - amulet of the acrobat
HPRegen 0.16/turn               v - ring of willpower
MPRegen 0.09/turn               (no ring)

@: mighty
A: horns 2, retaliatory headbutt
a: no special abilities


You were on level 4 of the Dungeon.
You visited 1 branch of the dungeon, and saw 4 of its levels.

You collected 126 gold pieces.

Inventory:

Hand Weapons
 a - a +0 flail (weapon)
 k - a +2 spear of venom
 l - a +2 mace of holy wrath
Missiles
 j - 27 poisoned darts (quivered)
 r - 2 curare-tipped darts
Armour
 b - a +0 scale mail (worn)
 c - a +0 buckler (worn)
Jewellery
 e - an amulet of the acrobat (around neck)
 v - a ring of willpower (left hand)
Wands
 s - a wand of polymorph (5)
Scrolls
 h - a scroll of immolation {unknown}
 n - 4 scrolls of teleportation {unknown}
 t - a scroll of vulnerability {unknown}
 u - 2 scrolls of fog {unknown}
 w - 2 scrolls of magic mapping {unknown}
 y - a scroll of silence {unknown}
 B - a scroll of identify {unknown}
Potions
 f - a potion of ambrosia {unknown}
 g - a potion of brilliance {unknown}
 i - a potion of attraction {unknown}
 m - 2 potions of degeneration {unknown}
 o - a potion of heal wounds {unknown}
 p - 2 potions of haste {unknown}
 q - a potion of curing {unknown}
 x - 2 potions of lignification {unknown}
 z - a potion of mutation {unknown}
 A - a potion of flight {unknown}


   Skills:
 + Level 5.2 Fighting
 + Level 4.4 Maces & Flails
 + Level 5.2 Armour
 - Level 4.1 Shields


You had 4 spell levels left.
You didn't know any spells.
Your spell library was empty.

Dungeon Overview and Level Annotations

Branches:
Dungeon (4/15)
 Temple: D:4-7

Altars:
Dithmenos

Shops:
D:3 (

Annotations:
D:4 Dowan, Duvessa


Innate Abilities, Weirdness & Mutations

You have a pair of horns on your head.
You reflexively headbutt those who attack you in melee.


Message History

There are monsters nearby!
You are too injured to fight recklessly!
There are monsters nearby!
You are too injured to fight recklessly!
There are monsters nearby!
You are too injured to fight recklessly!
There are monsters nearby!
You are too injured to fight recklessly!
There are monsters nearby!
You are too injured to fight recklessly!
There are monsters nearby!
You are too injured to fight recklessly!
There are monsters nearby!
You are too injured to fight recklessly!
There are monsters nearby!
You are too injured to fight recklessly!
You feel very mighty all of a sudden.
Duvessa hits you with a +2 rapier of protection!
* * * LOW HITPOINT WARNING * * *
You closely miss Duvessa.
Duvessa is lightly wounded.
You block Duvessa's attack. Duvessa barely misses you. You furiously retaliate!
You headbutt Duvessa. You hit Duvessa.
Duvessa is moderately wounded.
An orc comes into view. It is wielding a +0 hand axe.
Duvessa hits you but does no damage.
You closely miss Duvessa.
Duvessa is moderately wounded.
The orc shouts!
Duvessa closely misses you.
You closely miss Duvessa.
Duvessa is moderately wounded.
Duvessa hits you with a +2 rapier of protection.
* * * LOW HITPOINT WARNING * * *
The orc throws a stone.
You block the stone.
You barely miss Duvessa.
Duvessa is moderately wounded.
Duvessa hits you with a +2 rapier of protection!
You die...

#.##.# ####(##.#
#...>.... #.##.##.#
########.##.##.# .
#...†.......##.# ...
#.######.##.##.#
.....####.######.##.##.#
.....ee@..<.o.##.##.##[#
.....####.###.##..#.##..
... ...# ##.#.#### .
#.... ...# ##.... ...#
###.# (# #


You could see Duvessa (strong), Dowan and an orc.

Vanquished Creatures
  An ogre (D:3)
  An iguana (D:4)
  4 adders
  A dart slug (D:1)
  4 orcs (D:4)
  7 endoplasms
  6 giant cockroaches
  3 goblins
  13 hobgoblins
  7 jackals
  A quokka (D:4)
  5 ball pythons
  4 bats
  5 frilled lizards
  4 kobolds (D:2)
  4 rats
70 creatures vanquished.

Vanquished Creatures (others)
  3 fungi (D:4)
  A plant (D:1)
4 creatures vanquished.

Grand Total: 74 creatures vanquished

Notes
Turn   | Place    | Note
-------+----------+-------------------------------------------
     0 | D:1      | r3xj the Minotaur Fighter began the quest for the Orb.
     0 | D:1      | Reached XP level 1. HP: 19/19 MP: 0/0
    58 | D:1      | Reached XP level 2. HP: 19/27 MP: 1/1
   407 | D:1      | Reached XP level 3. HP: 33/33 MP: 2/2
   757 | D:1      | Found a faded altar of an unknown god.
  1362 | D:2      | Found a shadowy altar of Dithmenos.
  1407 | D:2      | Reached XP level 4. HP: 41/41 MP: 3/3
  1619 | D:3      | Noticed an ogre
  1862 | D:3      | Found Idok's Weapon Shop.
  1927 | D:3      | Killed an ogre
  1928 | D:3      | Reached skill level 5 in Fighting
  1928 | D:3      | Reached skill level 5 in Armour
  1928 | D:3      | Reached XP level 5. HP: 12/48 MP: 4/4
  2753 | D:4      | Noticed Duvessa
  2753 | D:4      | Noticed Dowan
  2763 | D:4      | Mangled by Duvessa

Illustrated notes

Levels and vault maps discovered:
D:1:      dpeg_arrival_solitude, layout_loops_cross,
          dreamdust_ecumenical_altar_grove
D:2:      layout_basic, basic_altar
D:3:      layout_basic, serial_shops, nicolae_shop_bloodbath_and_beyond,
          hex_tiny, minivault_19
D:4:      layout_loops_ring, uniq_crazy_yiuf_cottage, uniq_duvessa

Skill      XL: |  1  2  3  4 |
---------------+-------------+-----
Fighting       | 4 5 |  5.2
Armour         | 4 5 |  5.2
Shields        | 4 |  4.1
Maces & Flails | 3 4 |  4.4

Action                   |  1- 3 |  4- 6 || total
-------------------------+-------+-------++-------
Melee: Flail             |    94 |    71 ||   165
       Headbutt          |     7 |     8 ||    15
Throw: Dart              |       |     5 ||     5
  Use: Potion            |       |     1 ||     1
Armor: Scale mail        |    48 |    25 ||    73
Dodge: Dodged            |    36 |    30 ||    66
Block: Buckler           |    26 |    16 ||    42

Table legend: (Time is in decaauts)
 A = Elapsed time spent in this place.
 B = Non-inter-level travel time spent in this place.
 C = Inter-level travel time spent in this place.
 D = Time resting spent in this place.
 E = Time spent auto-exploring this place.
 F = Levels seen in this place.
 G = Mean time per level.
                   A        B        C        D        E       F      G
               +--------+--------+--------+--------+--------+-----+--------+
         Total |   2800 |   2611 |    189 |      0 |   2158 |   4 |  700.0 |
       Dungeon |   2800 |   2611 |    189 |      0 |   2158 |   4 |  700.0 |
               +--------+--------+--------+--------+--------+-----+--------+

Top non-repeatable levels by time:
     D:1: 876 daAuts
     D:3: 794 daAuts
     D:2: 793 daAuts
     D:4: 337 daAuts
